 Dungeon Crawl Stone Soup version 0.23.0-28-g6fe0f4dc8b (webtiles) character file.

Game seed: 5692467423982523916

57 Kniotic the Ducker (level 3, 0/19 HPs)
             Began as a Spriggan Monk on Feb 25, 2019.
             Succumbed to an adder's poison
             ... on level 2 of the Dungeon.
             The game lasted 00:02:10 (1821 turns).

Kniotic the Ducker (Spriggan Monk)                  Turns: 1821, Time: 00:02:11

Health: 0/19       AC:  2    Str:  5 (8)  XL:     3   Next: 73%
Magic:  4/4        EV: 21    Int:  8 (11) God:
Gold:   121        SH:  0    Dex: 16 (18) Spells: 2/2 levels left

rFire    . . .     SeeInvis +     - Unarmed
rCold    . . .     Gourm    .   (shield restricted)
rNeg     . . .     Faith    .   a - +0 robe
rPois    .         Spirit   .   (helmet restricted)
rElec    .         Reflect  .   (no cloak)
rCorr    .         Harm     .   (gloves unavailable)
MR       .....                  (boots unavailable)
Stlth    ++........             (no amulet)
HPRegen  0.06/turn              (no ring)
MPRegen  0.09/turn              (no ring)

@: lethally poisoned (0 -> -10), hasted, very quick
A: very small, unfitting armour, see invisible, herbivore, speed 3, slow
metabolism 2
a: no special abilities


You were on level 2 of the Dungeon.
You were not hungry.

You visited 1 branch of the dungeon, and saw 2 of its levels.

You collected 121 gold pieces.

Inventory:

Armour
 a - a +0 robe (worn)
Jewellery
 e - an uncursed amulet of faith {unknown}
Scrolls
 c - 5 scrolls of identify {unknown}
 d - 3 scrolls of teleportation {unknown}
 f - 2 scrolls of remove curse {unknown}
 g - a scroll of random uselessness {unknown}
 h - a scroll of magic mapping {unknown}
 i - a scroll of amnesia {unknown}
 n - a scroll of enchant weapon {unknown}
 o - a scroll of blinking {unknown}
Potions
 l - 2 potions of agility
 p - a potion of heal wounds {unknown}
 q - a potion of might {unknown}
Comestibles
 b - 5 rations


   Skills:
 - Level 2.4 Fighting
 + Level 5.8 Dodging
 - Level 3.0 Stealth
 + Level 3.2 Unarmed Combat


You had 2 spell levels left.
You didn't know any spells.
Your spell library was empty.

Dungeon Overview and Level Annotations

Branches:
Dungeon (2/15)

Altars:


Innate Abilities, Weirdness & Mutations

You are very small and have problems with some larger weapons.
You are too small for most types of armour.
You have supernaturally acute eyesight. (SInv)
You are a herbivore.
You cover ground extremely quickly.
You need to consume almost no food.


Message History

You feel sick.
You hit the adder.
You kill the adder!
* * * LOW HITPOINT WARNING * * *
You feel sick.
It was a potion of agility.
You feel agile all of a sudden.
* * * LOW HITPOINT WARNING * * *
You feel sick.
It was a potion of degeneration.
There was something very wrong with that liquid.
You feel weakened.
You feel dopey.
You feel clumsy.
It was a potion of cancellation.
Your magical effects are unravelling.
You feel magically purged.
You feel a little less agile now.
* * * LOW HITPOINT WARNING * * *
You feel sick.
It was a potion of haste.
You feel yourself speed up.
You die...

####### ###.....####
#..).......#
#######.#.....##.####
#...K.S.###<##......#
#.#########.##.##.#.#
#.####....#.##.##...####
#......@†.>..((.........
#.....#.....######.#####.
#..#..#.....# ### #.
#.....#.....# #.
#....######.# #. ######
#.# ##. #.###########..
#.............#
##########.##


There were no monsters in sight!

Vanquished Creatures
  2 adders (D:2)
  A dart slug (D:1)
  A leopard gecko (D:1)
  5 giant cockroaches
  5 goblins
  2 hobgoblins
  4 bats
  5 frilled lizards
  A jackal zombie (D:2)
  6 kobolds
  5 rats (D:1)
37 creatures vanquished.

Notes
Turn   | Place    | Note
-------+----------+-------------------------------------------
     0 | D:1      | Kniotic the Spriggan Monk began the quest for the Orb.
     0 | D:1      | Reached XP level 1. HP: 11/11 MP: 2/2
   518 | D:1      | Reached XP level 2. HP: 15/16 MP: 3/3
   732 | D:1      | Reached skill level 5 in Dodging
  1563 | D:2      | Reached XP level 3. HP: 18/19 MP: 4/4
  1821 | D:2      | Succumbed to an adder's poison

Skill      XL: |  1  2 |
---------------+-------+-----
Dodging        | 5 |  5.8
Unarmed Combat | 3 |  3.2
Fighting       | |  2.4
Stealth        | |  3.0

Action                   || total
-------------------------++-------
Melee: Unarmed           ||   170
       Punch             ||     1
  Use: Potion            ||     4
 Stab: Sleeping          ||     8
Armor: Robe              ||    20
Dodge: Dodged            ||   153
